Map: Ruins of Seras

Players

LiquidMaNa (MaNa)

  • Race: Protoss Protoss
  • League: Grandmaster

Elazer - Winner!

  • Race: Zerg Zerg
  • League: Grandmaster

Event: 2016 WCS Winter Challenger Europe

VOD

Have the link to the VOD?

Description

Time

  • Played on: Feb. 13, 2016, 1:13 p.m.
  • Length: 11:43

All games in this series

Show
View Real Time Build Order
Export as new Build Order

LiquidMaNa Protoss 

Build Orders: Mass Adepts 

Get SALT Encoding   

  12  0:00  Probe (Chrono Boost)  
  13  0:11  Probe (Chrono Boost)  
  14  0:19  Pylon  
  14  0:22  Probe (Chrono Boost)  
  15  0:37  Probe (Chrono Boost)  
  15  0:38  Gateway  
  16  0:48  Probe (Chrono Boost)  
  16  0:49  Assimilator  
  17  0:58  Probe (Chrono Boost)  
  18  1:09  Probe (Chrono Boost)  
  19  1:12  Gateway  
  19  1:19  Probe (Chrono Boost)  
  20  1:25  Cybernetics Core  
  20  1:30  Probe (Chrono Boost)  
  21  1:40  Probe (Chrono Boost), Pylon  
  22  1:51  Probe (Chrono Boost)  
  23  2:02  Adept x2, Warp Gate (Chrono Boost)  
  27  2:21  Nexus  
  27  2:27  Pylon  
  27  2:33  Mothership Core  
  29  2:39  Assimilator  
  29  2:54  Probe, Pylon  
  30  3:05  Twilight Council  
  30  3:06  Probe (Chrono Boost)  
  31  3:17  Probe (Chrono Boost)  
  32  3:20  Gateway  
  32  3:28  Probe (Chrono Boost), Gateway  
  32  3:33  Probe (Chrono Boost)  
  34  3:38  Probe (Chrono Boost)  
  35  3:43  Probe (Chrono Boost), Resonating Glaives (Chrono Boost)  
  36  3:49  Probe  
  36  3:53  Pylon  
  37  3:57  Adept  
  37  3:59  Probe  
  40  4:03  Probe  
  40  4:07  Adept  
  40  4:09  Probe  
  43  4:15  Probe  
  45  4:20  Gateway  
  45  4:26  Adept  
  45  4:27  Adept  
  49  4:31  Adept  
  49  4:33  Probe  
  49  4:35  Probe  
  53  4:39  Adept  
  55  4:47  Gateway  
  55  4:48  Probe  
  55  4:49  Probe  
  56  4:54  Adept  
  56  4:57  Adept  
  60  5:04  Adept x2  
  64  5:13  Pylon  
  64  5:22  Adept x2  
  64  5:23  Gateway  
  64  5:25  Adept  
  68  5:41  Probe  
  63  5:44  Adept x2  
  63  5:45  Adept x2  
  65  6:02  Probe  
  64  6:04  Probe  
  64  6:09  Dark Shrine  
  53  6:16  Assimilator x2  
  51  6:22  Pylon, Adept  
  51  6:23  Adept x3  
  59  6:27  Robotics Facility  
  59  6:30  Robotics Facility  
  59  6:34  Probe  
  59  6:35  Probe  
  60  6:45  Probe, Pylon  
  60  6:46  Pylon  
  61  6:47  Probe  
  61  6:48  Sentry x2  
  66  6:55  Probe  
  66  6:59  Probe  
  68  7:16  Immortal  
  68  7:18  Probe  
  68  7:19  Probe, Stalker  
  80  7:23  Dark Templar  
  80  7:28  Probe  
  82  7:31  Probe  
  84  7:42  Pylon  
  84  7:43  Immortal  
  84  7:52  Nexus, Charge (Chrono Boost)  
  84  8:00  Immortal  
  84  8:02  Probe  
  84  8:04  Probe  
  90  8:09  Pylon  
  90  8:11  Pylon  
  90  8:13  Probe  
  90  8:16  Probe  
  92  8:28  Immortal  
  92  8:32  Pylon  
  96  8:34  Probe  
  96  8:35  Probe, Pylon  
  96  8:40  Immortal (Chrono Boost)  
  102  8:50  Templar Archives  
  102  8:57  Assimilator  
  102  9:00  Assimilator  
  102  9:07  Observer (Chrono Boost)  
  103  9:14  Zealot  
  103  9:15  Zealot x5, Psionic Storm  
  115  9:18  Observer (Chrono Boost)  
  116  9:31  Pylon  
  116  9:33  Forge  
  116  9:37  High Templar x3  
  122  9:44  High Templar  
  124  9:51  Nexus  
  124  9:55  Immortal  
  124  9:56  High Templar  
  124  9:57  Zealot  
  124  10:12  Zealot x3  
  126  10:26  Zealot x2  
  124  10:31  Zealot  
  114  10:46  Zealot  
  106  10:50  Zealot  
  106  10:52  Dark Templar  
  106  10:53  Dark Templar  
  106  10:56  Archon  
  88  10:57  Archon, Dark Templar  
  88  10:58  Dark Templar  
  88  11:03  Probe  
  75  11:04  Probe  
  75  11:08  Dark Templar  
  72  11:13  Robotics Facility  
  72  11:14  Robotics Facility  
  70  11:25  High Templar  
  68  11:30  High Templar x2  
Show
View Real Time Build Order
Export as new Build Order

Elazer Zerg - Winner!

Build Orders: Hatch First 

Get SALT Encoding   

  12  0:00  Drone  
  13  0:13  Overlord  
  13  0:18  Drone  
  14  0:31  Drone x2  
  14  0:35  Drone  
  17  0:53  Hatchery  
  17  0:56  Drone  
  17  0:59  Drone  
  18  1:09  Extractor  
  17  1:14  Spawning Pool  
  17  1:17  Drone  
  17  1:20  Drone  
  18  1:28  Drone  
  19  1:39  Overlord  
  19  1:58  Drone  
  20  2:01  Queen  
  20  2:04  Queen  
  20  2:05  Zergling x2  
  20  2:06  Drone  
  26  2:08  Metabolic Boost  
  26  2:14  Drone  
  27  2:15  Drone  
  28  2:23  Drone  
  28  2:28  Drone  
  30  2:38  Hatchery  
  29  2:44  Queen  
  29  2:50  Zergling x4  
  33  2:52  Zergling x2  
  33  2:55  Overlord  
  34  3:04  Drone x2  
  36  3:14  Overlord, Drone x2  
  36  3:17  Queen  
  36  3:18  Drone  
  41  3:22  Drone  
  41  3:23  Drone  
  41  3:26  Drone  
  44  3:33  Drone  
  44  3:34  Drone x3  
  47  3:42  Overlord  
  47  3:45  Drone  
  48  3:52  Drone x3, Roach Warren, Extractor  
  49  3:57  Queen  
  49  3:59  Drone  
  49  4:01  Drone  
  53  4:06  Overlord  
  53  4:08  Drone x2  
  55  4:17  Extractor  
  54  4:19  Overlord  
  54  4:20  Drone x3  
  57  4:32  Roach x6  
  57  4:37  Lair  
  69  4:41  Drone x3  
  69  4:43  Drone  
  73  4:46  Drone x2  
  73  4:50  Drone x2  
  73  4:51  Drone  
  77  4:54  Spore Crawler  
  77  4:59  Drone x2  
  78  5:00  Drone x2  
  80  5:08  Overlord  
  80  5:09  Drone, Spore Crawler  
  80  5:11  Drone x2  
  82  5:14  Spore Crawler  
  82  5:15  Drone  
  82  5:16  Overlord  
  82  5:20  Overlord  
  82  5:24  Extractor  
  82  5:28  Roach x4  
  89  5:34  Roach  
  89  5:35  Roach x4  
  97  5:41  Roach x4  
  98  5:46  Queen  
  94  5:55  Roach x3  
  84  6:00  Glial Reconstitution  
  76  6:11  Roach  
  76  6:12  Roach x3  
  76  6:16  Queen  
  86  6:19  Drone  
  86  6:22  Drone x2  
  86  6:23  Drone  
  89  6:26  Drone  
  89  6:27  Drone  
  89  6:30  Drone  
  92  6:34  Drone x2  
  92  6:35  Drone  
  92  6:36  Drone  
  96  6:45  Overlord  
  96  6:49  Drone  
  96  6:52  Drone x3  
  100  6:55  Overseer  
  100  6:59  Ravager x2  
  100  7:00  Ravager  
  103  7:03  Overlord  
  103  7:11  Drone  
  103  7:13  Drone  
  103  7:14  Overlord x2, Drone x3, Extractor, Hydralisk Den  
  106  7:18  Drone x3  
  106  7:19  Drone  
  106  7:20  Drone  
  106  7:21  Drone  
  112  7:26  Drone x2  
  112  7:27  Drone  
  112  7:29  Overseer  
  115  7:33  Drone x3  
  115  7:35  Evolution Chamber  
  115  7:36  Drone  
  118  7:40  Extractor  
  118  7:41  Extractor  
  115  7:47  Drone x3  
  115  7:48  Drone x3  
  121  7:52  Overlord x2  
  121  8:01  Zerg Missile Weapons Level 1, Hydralisk  
  121  8:02  Hydralisk x3  
  129  8:15  Muscular Augments  
  129  8:20  Hydralisk  
  129  8:21  Hydralisk x2  
  129  8:26  Overlord  
  135  8:29  Hydralisk  
  135  8:30  Hydralisk x3  
  143  8:36  Hydralisk  
  145  8:43  Overlord x2  
  145  8:44  Hatchery  
  144  8:50  Hydralisk  
  144  8:51  Hydralisk x3  
  144  8:54  Overlord x2  
  152  8:59  Overlord  
  152  9:03  Hydralisk x3  
  155  9:11  Pneumatized Carapace  
  155  9:13  Overseer  
  155  9:14  Hydralisk x2  
  155  9:15  Hydralisk  
  161  9:22  Hydralisk x3  
  167  9:24  Hydralisk  
  167  9:29  Roach x2  
  169  9:32  Hydralisk  
  169  9:33  Hydralisk  
  173  9:39  Roach x4  
  173  9:41  Ravager x2  
  173  9:43  Overlord  
  183  9:47  Ravager  
  183  9:49  Ravager  
  183  9:50  Ravager  
  183  9:51  Roach x2  
  188  9:58  Zergling x10  
  185  10:15  Hydralisk x7  
  174  10:29  Hydralisk x4  
  161  10:50  Roach  
  161  10:51  Roach x8  
  160  10:58  Roach x3  
  160  10:59  Roach x3  
  160  11:03  Roach x3  
  170  11:10  Roach  
  165  11:21  Roach x4  
  167  11:30  Ravager  
Tags
 
Add a new tag
Caveats
  • Supply blocks, unpowered buildings, or Contaminate may cause inaccurate times.
  • Supply counts are checked every 10 seconds.